 Dungeon Crawl Stone Soup version 0.31-a0-986-g5e6e4ef867 (webtiles) character file.

Game seed: 6895422092250093547

35 Sabo the Chopper (level 3, -4/27 HPs)
             Began as a Demonspawn Gladiator on Nov 7, 2023.
             Slain by a black bear (6 damage)
             ... on level 2 of the Dungeon.
             The game lasted 00:04:31 (1016 turns).

Sabo the Chopper (Demonspawn Gladiator)             Turns: 1016, Time: 00:04:31

Health: -4/27      AC:  4    Str: 16    XL:     3   Next: 17%
Magic:  3/3        EV: 12    Int:  9    God:
Gold:   62         SH:  4    Dex: 14    Spells: 2/2 levels left

rFire   . . .        a - +0 war axe
rCold   . . .        (no shield)
rNeg    . . .        b - +0 leather armour
rPois   .            c - +0 helmet
rElec   .            (no cloak)
rCorr   .            (no gloves)
SInv    .            (no boots)
Will    .....        (no amulet)
Stlth   +            (no ring)
HPRegen 0.24/turn    (no ring)
MPRegen 0.08/turn

%: no passive effects
@: no status effects
A: demonic guardian 1, condensation shield
a: no special abilities


You were on level 2 of the Dungeon.
You visited 1 branch of the dungeon, and saw 2 of its levels.

You collected 62 gold pieces.

Inventory:

Hand Weapons
 a - a +0 war axe (weapon)
 j - a +2 short sword of protection
Missiles
 d - 3 throwing nets (quivered)
 e - a javelin
Armour
 b - a +0 leather armour (worn)
 c - a +0 helmet (worn)
Scrolls
 g - 2 scrolls of identify {unknown}
 h - a scroll of butterflies
 k - a scroll of noise {unknown}
 l - 3 scrolls of revelation {unknown}
Potions
 f - a potion of berserk rage {unknown}
 i - a potion of curing {unknown}


   Skills:
 + Level 2.2 Fighting
 + Level 3.2 Axes
 + Level 1.8 Throwing
 + Level 0.6 Armour
 + Level 3.1 Dodging
 + Level 0.1 Shields


You had 2 spell levels left.
You didn't know any spells.
Your spell library contained the following spells:

 Spells                   Type           Power      Damage    Failure   Level
 Ozocubu's Armour         Ice            0%         N/A       83%         3
 Volatile Blastmotes      Fire/Tloc      0%         2d10      83%         3
 Fulminant Prism          Conj/Hex       0%         3d5       99%         4
 Iskenderun's Mystic Bla  Conj/Tloc      0%         2d3       99%         4
 Ozocubu's Refrigeration  Ice            0%         4d7       100%        7


Dungeon Overview and Level Annotations

Branches:
Dungeon (2/15)

Altars:


Innate Abilities, Weirdness & Mutations

A weak demonic guardian rushes to your aid.
A meltable shield of frost defends you. (SH +4)


Message History

You pick up a book of Blasting and begin reading...
You add the spells Volatile Blastmotes, Fulminant Prism and Iskenderun's Mystic Blast to your library.
Found a scroll labelled AFUXI ZIUBU and a scroll labelled HAASTR FOMEI.
g - 2 scrolls labelled AFUXI ZIUBU (gained 1)
l - 3 scrolls labelled HAASTR FOMEI (gained 1)
Found an escape hatch in the floor.
There is an escape hatch in the floor here.
You see here a hobgoblin corpse.
A hobgoblin comes into view.
The hobgoblin shouts!
You hear an angry growl.
A black bear comes into view.
The black bear growls angrily.
You slash the hobgoblin!
You kill the hobgoblin!
You slash the black bear!
The black bear is heavily wounded.
The black bear barely misses you. You block the black bear's attack.
The black bear claws you. The black bear closely misses you.
The black bear claws you. x2
You completely miss the black bear.
The black bear is heavily wounded.
The black bear bites you! You block the black bear's attack.
The black bear claws you.
You slash the black bear!
The black bear is severely wounded.
The black bear goes berserk!
You slash the black bear!
The black bear is almost dead.
The black bear bites you. The black bear closely misses you.
You block the black bear's attack. The black bear bites you!
* * * LOW HITPOINT WARNING * * *
A demonic guardian appears!
The black bear claws you.
* * * LOW HITPOINT WARNING * * *
The black bear claws you but does no damage.
You hit the black bear but do no damage.
The black bear is almost dead.
The black bear bites you.
* * * LOW HITPOINT WARNING * * *
The black bear claws you.
You die...

...##.########
<#.##.#......#
......#.####.# + #
###...#.# #.# .# .#
###...#.# #.# .# ..#
......#.####.### #.#...#
###.#†#........# ..... +
###...†..<...#.##5.#...#
..#.#.....).....@h......
......#.####.#.##..#####
......#.##<..#.##..#.
....###.#####........
..>..............###..
############............
#......##.... #.#.##.#
.. #.#.# .#


You could see a black bear (berserk, ally target) and a friendly ufetubus
(summoned).

Vanquished Creatures
  4 bats (D:1)
  3 endoplasms
  2 giant cockroaches (D:1)
  4 hobgoblins
  2 quokkas (D:1)
  2 frilled lizards (D:1)
  4 goblins
  8 kobolds (D:1)
  2 rats (D:1)
31 creatures vanquished.

Notes
Turn   | Place    | Note
-------+----------+-------------------------------------------
     0 | D:1      | Sabo the Demonspawn Gladiator began the quest for the Orb.
     0 | D:1      | Reached XP level 1. HP: 16/16 MP: 1/1
   258 | D:1      | Gained mutation: A weak demonic guardian rushes to your
                  | aid. [demonic ancestry]
   258 | D:1      | Reached XP level 2. HP: 22/22 MP: 2/2
   789 | D:1      | Gained mutation: A meltable shield of frost defends you.
                  | (SH +4) [demonic ancestry]
   789 | D:1      | Reached XP level 3. HP: 25/27 MP: 3/3
  1009 | D:2      | Noticed a black bear
  1016 | D:2      | Slain by a black bear

Illustrated notes

Levels and vault maps discovered:
D:1:      wander_arrival_desolate, layout_basic
D:2:      layout_basic, uniq_natasha, uniq_sigmund

Skill      XL: |  1  2 |
---------------+-------+-----
Dodging        | 3 |  3.1
Axes           | 3 |  3.2
Fighting       | |  2.2
Throwing       | |  1.8
Armour         | |  0.6
Shields        | |  0.1

Action                     || total
---------------------------++-------
  Melee: War axe           ||    86
         Punch             ||     1
    Use: Scroll            ||     1
 Armour: Leather armour    ||    64
  Dodge: Dodged            ||    77
  Block: Other             ||     8

Table legend: (Time is in decaauts)
 A = Elapsed time spent in this place.
 B = Non-inter-level travel time spent in this place.
 C = Inter-level travel time spent in this place.
 D = Time resting spent in this place.
 E = Time spent auto-exploring this place.
 F = Levels seen in this place.
 G = Mean time per level.
                   A        B        C        D        E       F      G
               +--------+--------+--------+--------+--------+-----+--------+
         Total |   1046 |   1046 |      0 |    105 |      0 |   2 |  523.0 |
       Dungeon |   1046 |   1046 |      0 |    105 |      0 |   2 |  523.0 |
               +--------+--------+--------+--------+--------+-----+--------+

Top non-repeatable levels by time:
     D:1: 877 daAuts
     D:2: 168 daAuts
